TOP OF THE 1ST |
Burlington Bees batting - Pitching for Quad Cities River Bandits : RHP Calisto Morda
|
Pitching: RHP Calisto Morda
|
|
Batting: RHB Jonathan Ellis
|
0-0: Ball 1-0: Called Strike 1-1: Ball 2-1: SINGLE (Groundball, 4MD, EV 95.6 MPH)
|
Batting: RHB Adam Noyes
|
0-0: Ball 1-0: Ball 2-0: Foul Ball, location: 2F 2-1: Foul Ball, location: 2F 2-2: Foul Ball, location: 2F 2-2: SINGLE (Groundball, 4MD, EV 108.8 MPH) Jonathan Ellis to second Jonathan Ellis to third
|
Batting: LHB Rusty Ney
|
0-0: Ball 1-0: Called Strike Adam Noyes is caught stealing 2nd base 2-6 1-1: Fly out, F8 (Line Drive, 8RM, EV 106.3 MPH)
|
Batting: RHB Luis Romero
|
0-0: Ground out 4-3 (Groundball, 4, EV 108.1 MPH)
|
Top of the 1st over - 0 runs, 2 hits, 0 errors, 1 left on base; Burlington 0 - Quad Cities 0 |
BOTTOM OF THE 1ST |
Quad Cities River Bandits batting - Pitching for Burlington Bees : RHP Dave Jackson
|
Pitching: RHP Dave Jackson
|
|
Batting: RHB Ben Hoffman
|
0-0: Ground out 4-3 (Groundball, 4, EV 83.8 MPH)
|
Batting: LHB Kelvin Jones
|
0-0: Foul Ball, location: 2F 0-1: Swinging Strike 0-2: Foul Ball, location: 2F 0-2: Foul Ball, location: 2F 0-2: Foul Ball, location: 2F 0-2: Ball 1-2: Foul Ball, location: 2F 1-2: Foul Ball, location: 2F 1-2: Foul Ball, location: 2F 1-2: Ball 2-2: Foul Ball, location: 2F 2-2: Ball 3-2: Fly out, F5 (Popup, 5, EV 61.9 MPH)
|
Batting: LHB Daniel Lopez
|
0-0: Called Strike 0-1: Ball 1-1: Called Strike 1-2: Foul Ball, location: 2F 1-2: Ball 2-2: Ground out 4-3 (Groundball, 4, EV 85.0 MPH)
|
Bottom of the 1st over - 0 runs, 0 hits, 0 errors, 0 left on base; Burlington 0 - Quad Cities 0 |
TOP OF THE 2ND |
Burlington Bees batting - Pitching for Quad Cities River Bandits : RHP Calisto Morda
|
Pitching: RHP Arsène Serre
|
|
Batting: LHB Bill Kirtley
|
0-0: Ball 1-0: Called Strike 1-1: Called Strike 1-2: Foul Ball, location: 2F 1-2: Ball 2-2: Fly out, F8 (Flyball, 8LS, EV 96.3 MPH)
|
Batting: RHB Ryuji Ito
|
0-0: Ball 1-0: SINGLE (Groundball, 5S, EV 68.1 MPH) (infield hit)
|
Batting: RHB Ryan Munro
|
0-0: Fielders Choice at 2nd, 4-6 (Groundball, 34, EV 107.5 MPH)
|
Batting: LHB Jorge Zermeno
|
0-0: Ball 1-0: Ball 2-0: Ball 3-0: Base on Balls Ryan Munro to second
|
Batting: SHB Tim Connell
|
0-0: Reached on error, E5 (Groundball, 56, EV 88.1 MPH) Ryan Munro to third Jorge Zermeno to second
|
Batting: RHB Jonathan Ellis
|
0-0: Ball 1-0: Ball 2-0: Foul Ball, location: 2F 2-1: Ball 3-1: Called Strike 3-2: Base on Balls Ryan Munro scores Jorge Zermeno to third Tim Connell to second
|
Pitching: RHP Chris Miles
|
|
Batting: RHB Adam Noyes
|
0-0: Ball 1-0: Called Strike 1-1: Ball 2-1: Foul Ball, location: 2F 2-2: Ground out 3-1 (Groundball, 34S, EV 88.1 MPH)
|
Top of the 2nd over - 1 run, 1 hit, 1 error, 3 left on base; Burlington 1 - Quad Cities 0 |
BOTTOM OF THE 2ND |
Quad Cities River Bandits batting - Pitching for Burlington Bees : RHP Dave Jackson
|
Batting: RHB Joe Cook
|
0-0: Swinging Strike 0-1: Ball 1-1: Swinging Strike 1-2: Strikes out swinging
|
Batting: RHB Ben Glavich
|
0-0: Ball 1-0: Foul Ball, location: 2F 1-1: Ball 2-1: Ground out 6-3 (Groundball, 6, EV 106.3 MPH)
|
Batting: SHB Salvador Gomez
|
0-0: Called Strike 0-1: Ball 1-1: Swinging Strike 1-2: Ground out 4-3 (Groundball, 4S, EV 65.0 MPH)
|
Bottom of the 2nd over - 0 runs, 0 hits, 0 errors, 0 left on base; Burlington 1 - Quad Cities 0 |
TOP OF THE 3RD |
Burlington Bees batting - Pitching for Quad Cities River Bandits : RHP Chris Miles
|
Batting: LHB Rusty Ney
|
0-0: Foul Ball, location: 2F 0-1: Called Strike 0-2: Foul Ball, location: 2F 0-2: SINGLE (Groundball, 25, EV 70.6 MPH) (infield hit)
|
Batting: RHB Luis Romero
|
0-0: Ball Rusty Ney is caught stealing 2nd base 2-4 1-0: Ball 2-0: Called Strike 2-1: Foul Ball, location: 2F 2-2: SOLO HOME RUN (Flyball, 9LD, EV 92.5 MPH), Distance : 326 ft
|
Batting: LHB Bill Kirtley
|
0-0: Ball 1-0: Ball 2-0: Ball 3-0: Base on Balls
|
Pitching: RHP Ray Leuthauser
|
|
Batting: RHB Ryuji Ito
|
0-0: Ball 1-0: Called Strike 1-1: Foul Ball, location: 2F 1-2: Strikes out looking
|
Batting: RHB Ryan Munro
|
0-0: Ball 1-0: Foul Ball, location: 2F 1-1: Ball 2-1: Ball 3-1: Foul Ball, location: 2F 3-2: Base on Balls Bill Kirtley to second
|
Batting: LHB Jorge Zermeno
|
0-0: Called Strike 0-1: Foul Ball, location: 2F 0-2: Strikes out swinging
|
Top of the 3rd over - 1 run, 2 hits, 0 errors, 2 left on base; Burlington 2 - Quad Cities 0 |
BOTTOM OF THE 3RD |
Quad Cities River Bandits batting - Pitching for Burlington Bees : RHP Dave Jackson
|
Batting: RHB Colin Cranford
|
0-0: Called Strike 0-1: Foul Ball, location: 2F 0-2: Strikes out swinging
|
Batting: RHB Steve Moore
|
0-0: Called Strike 0-1: Ball 1-1: Called Strike 1-2: Ball 2-2: Ball 3-2: DOUBLE (Line Drive, 78XD, EV 103.8 MPH)
|
Batting: RHB Chris Miller
|
0-0: SINGLE (Groundball, 34D, EV 99.4 MPH) Steve Moore to third
|
Batting: RHB Ben Hoffman
|
0-0: Called Strike 0-1: Swinging Strike 0-2: Foul Ball, location: 2F 0-2: Strikes out looking
|
Batting: LHB Kelvin Jones
|
0-0: Ball Passed Ball! Steve Moore scores Chris Miller to second 1-0: Foul Ball, location: 2F 1-1: Ball 2-1: Ground out 4-3 (Groundball, 4, EV 91.3 MPH)
|
Bottom of the 3rd over - 1 run, 2 hits, 0 errors, 1 left on base; Burlington 2 - Quad Cities 1 |
TOP OF THE 4TH |
Burlington Bees batting - Pitching for Quad Cities River Bandits : RHP Ray Leuthauser
|
Batting: SHB Tim Connell
|
0-0: Foul Ball, location: 2F 0-1: Ball 1-1: SINGLE (Flyball, 4D, EV 94.4 MPH)
|
Batting: RHB Jonathan Ellis
|
0-0: Ball Tim Connell steals 2nd base 1-0: Ball 2-0: SINGLE (Line Drive, 89S, EV 96.9 MPH) Tim Connell to third
|
Batting: RHB Adam Noyes
|
0-0: Called Strike 0-1: Foul Ball, location: 2F 0-2: Ball 1-2: Foul Ball, location: 2F 1-2: Ball 2-2: Ball 3-2: Base on Balls Jonathan Ellis to second
|
Batting: LHB Rusty Ney
|
0-0: Ball 1-0: Ball 2-0: Called Strike 2-1: Foul Ball, location: 2F 2-2: Foul Ball, location: 2F 2-2: SINGLE (Line Drive, 4D, EV 101.3 MPH) Tim Connell scores Jonathan Ellis to third Adam Noyes to second Runner from 3rd tries for Home, SAFE, throw by CF to home
|
Batting: RHB Luis Romero
|
0-0: Ball 1-0: SINGLE (Flyball, 34D, EV 88.1 MPH) Adam Noyes to third Rusty Ney to second
|
Batting: LHB Bill Kirtley
|
0-0: Ball Wild Pitch! Adam Noyes scores Rusty Ney to third Luis Romero to second 1-0: Ball 2-0: Ball 3-0: Base on Balls
|
Batting: RHB Ryuji Ito
|
0-0: Called Strike 0-1: Ball 1-1: Ground out 6-3 (Groundball, 6S, EV 73.1 MPH) Rusty Ney scores Luis Romero to third Bill Kirtley to second
|
Batting: RHB Ryan Munro
|
0-0: Called Strike 0-1: Ball 1-1: Foul Ball, location: 2F 1-2: Foul Ball, location: 2F 1-2: Foul Ball, location: 2F 1-2: Ball 2-2: SINGLE (Groundball, 6MD, EV 94.4 MPH) Luis Romero scores Bill Kirtley to third Runner from 3rd tries for Home, SAFE, throw by CF to home
|
Batting: LHB Jorge Zermeno
|
0-0: Called Strike 0-1: SINGLE (Groundball, 3L, EV 83.8 MPH) (infield hit) Ryan Munro to second
|
Batting: SHB Tim Connell
|
0-0: SINGLE (Groundball, 34D, EV 100.6 MPH) Ryan Munro to third Jorge Zermeno to second Runner from 3rd tries for Home, SAFE, throw by RF to home
|
Batting: RHB Jonathan Ellis
|
0-0: SINGLE (Groundball, 56, EV 103.8 MPH) (infield hit) Jorge Zermeno to third Tim Connell to second
|
Batting: RHB Adam Noyes
|
0-0: Ball 1-0: GRAND SLAM HOME RUN (Line Drive, 89XD, EV 98.1 MPH), Distance : 385 ft
|
Pitching: LHP Dylan LaRose
|
|
Batting: LHB Rusty Ney
|
0-0: Ball 1-0: Called Strike 1-1: Ball 2-1: SINGLE (Line Drive, 9LS, EV 91.3 MPH)
|
Batting: RHB Luis Romero
|
0-0: Swinging Strike 0-1: Ball 1-1: Ball 2-1: Ball 3-1: Called Strike 3-2: Foul Ball, location: 2F 3-2: Foul Ball, location: 2F 3-2: Foul Ball, location: 2F 3-2: Fly out, F2 (Popup, 23F, EV 85.6 MPH)
|
Batting: LHB Bill Kirtley
|
0-0: Ground out 5-3 (Groundball, 15, EV 85.0 MPH)
|
Top of the 4th over - 11 runs, 10 hits, 0 errors, 1 left on base; Burlington 13 - Quad Cities 1 |
BOTTOM OF THE 4TH |
Quad Cities River Bandits batting - Pitching for Burlington Bees : RHP Dave Jackson
|
Batting: LHB Daniel Lopez
|
0-0: Fly out, F8 (Line Drive, 8LD, EV 85.6 MPH)
|
Batting: RHB Joe Cook
|
0-0: Called Strike 0-1: Fly out, F8 (Flyball, 8RD, EV 96.9 MPH)
|
Batting: RHB Ben Glavich
|
0-0: Ball 1-0: Swinging Strike 1-1: Called Strike 1-2: Ball 2-2: Ball 3-2: Base on Balls
|
Batting: SHB Salvador Gomez
|
0-0: Ball 1-0: Ball 2-0: Ball 3-0: Called Strike 3-1: Fielders Choice at 2nd, 6-4 (Groundball, 6, EV 79.4 MPH)
|
Bottom of the 4th over - 0 runs, 0 hits, 0 errors, 1 left on base; Burlington 13 - Quad Cities 1 |
TOP OF THE 5TH |
Burlington Bees batting - Pitching for Quad Cities River Bandits : LHP Dylan LaRose
|
Batting: RHB Ryuji Ito
|
0-0: Called Strike 0-1: Swinging Strike 0-2: Strikes out looking
|
Batting: RHB Ryan Munro
|
0-0: Called Strike 0-1: Ball 1-1: Ground out U3 (Groundball, 3, EV 88.8 MPH)
|
Batting: LHB Jorge Zermeno
|
0-0: Swinging Strike 0-1: Swinging Strike 0-2: Ball 1-2: Ball 2-2: Ground out U3 (Groundball, 34, EV 82.5 MPH)
|
Top of the 5th over - 0 runs, 0 hits, 0 errors, 0 left on base; Burlington 13 - Quad Cities 1 |
BOTTOM OF THE 5TH |
Quad Cities River Bandits batting - Pitching for Burlington Bees : RHP Dave Jackson
|
Batting: RHB Colin Cranford
|
0-0: Called Strike 0-1: Ball 1-1: Ball 2-1: Ground out 5-3 (Groundball, 5S, EV 84.4 MPH)
|
Batting: RHB Steve Moore
|
0-0: Called Strike 0-1: Ball 1-1: Ball 2-1: Reached on error, E5 (Groundball, 56, EV 87.5 MPH)
|
Batting: RHB Chris Miller
|
0-0: Called Strike 0-1: Ball 1-1: Foul Ball, location: 2F 1-2: Grounds into double play, 4-6-3 (Groundball, 4, EV 83.1 MPH)
|
Bottom of the 5th over - 0 runs, 0 hits, 1 error, 0 left on base; Burlington 13 - Quad Cities 1 |
TOP OF THE 6TH |
Burlington Bees batting - Pitching for Quad Cities River Bandits : LHP Dylan LaRose
|
Batting: SHB Tim Connell
|
0-0: Ball 1-0: Ball 2-0: Ball 3-0: Swinging Strike 3-1: Called Strike 3-2: Reached on error, E5 (Groundball, 5, EV 95.6 MPH)
|
Batting: RHB Jonathan Ellis
|
0-0: Called Strike 0-1: Grounds into double play, 3-6-3 (Groundball, 3, EV 86.9 MPH)
|
Batting: RHB Adam Noyes
|
0-0: Called Strike 0-1: Swinging Strike 0-2: Strikes out swinging
|
Top of the 6th over - 0 runs, 0 hits, 1 error, 0 left on base; Burlington 13 - Quad Cities 1 |
BOTTOM OF THE 6TH |
Quad Cities River Bandits batting - Pitching for Burlington Bees : RHP Dave Jackson
|
Batting: RHB Ben Hoffman
|
0-0: Ball 1-0: Foul Ball, location: 2F 1-1: Foul Ball, location: 2F 1-2: Strikes out swinging
|
Batting: LHB Kelvin Jones
|
0-0: Ball 1-0: Ball 2-0: Ball 3-0: Called Strike 3-1: Called Strike 3-2: Fly out, F9 (Flyball, 89S, EV 86.3 MPH)
|
Batting: LHB Daniel Lopez
|
0-0: Swinging Strike 0-1: Ball 1-1: Ball 2-1: Ball 3-1: Ground out U3 (Groundball, 3, EV 89.4 MPH)
|
Bottom of the 6th over - 0 runs, 0 hits, 0 errors, 0 left on base; Burlington 13 - Quad Cities 1 |
TOP OF THE 7TH |
Burlington Bees batting - Pitching for Quad Cities River Bandits : LHP Dylan LaRose
|
Batting: LHB Rusty Ney
|
0-0: Ball 1-0: SINGLE (Groundball, P, EV 94.4 MPH) (infield hit)
|
Batting: RHB Luis Romero
|
0-0: Fly out, F8 (Flyball, 8LM, EV 90.0 MPH)
|
Batting: LHB Bill Kirtley
|
0-0: Called Strike 0-1: Ball 1-1: Ball 2-1: Ball 3-1: Base on Balls Rusty Ney to second
|
Batting: RHB Ryuji Ito
|
0-0: Ball 1-0: Ball 2-0: Foul Ball, location: 2F 2-1: Ball Balk! Rusty Ney to third Bill Kirtley to second 3-1: Foul Ball, location: 2F 3-2: Foul Ball, location: 2F 3-2: SINGLE (Line Drive, 9S, EV 93.8 MPH) Rusty Ney scores Bill Kirtley to third
|
Pitching: RHP Matt Parker
|
|
Pinch Hitting: RHB Andy White
|
0-0: Called Strike 0-1: Ball 1-1: Foul Ball, location: 2F 1-2: Foul Ball, location: 2F 1-2: Ball 2-2: Strikes out swinging
|
Batting: LHB Jorge Zermeno
|
0-0: Ball 1-0: Called Strike 1-1: Ball 2-1: Swinging Strike 2-2: Ball 3-2: Base on Balls Ryuji Ito to second
|
Batting: SHB Tim Connell
|
0-0: Ball 1-0: Ball Wild Pitch! Bill Kirtley scores Ryuji Ito to third Jorge Zermeno to second 2-0: Fly out, F4 (Line Drive, 4, EV 71.3 MPH)
|
Top of the 7th over - 2 runs, 2 hits, 0 errors, 2 left on base; Burlington 15 - Quad Cities 1 |
BOTTOM OF THE 7TH |
Quad Cities River Bandits batting - Pitching for Burlington Bees : RHP Dave Jackson
|
Now at 2B: Andy White
|
|
Batting: RHB Joe Cook
|
0-0: Called Strike 0-1: Ball 1-1: Ball 2-1: Swinging Strike 2-2: Ball 3-2: Base on Balls
|
Batting: RHB Ben Glavich
|
0-0: Ball Joe Cook steals 2nd base 1-0: Ball 2-0: Ground out 1-3 (Groundball, 13S, EV 72.5 MPH) Joe Cook to third
|
Pitching: LHP Jordan Galdamez
|
|
Batting: SHB Salvador Gomez
|
0-0: Ball 1-0: Foul Ball, location: 2F 1-1: Called Strike 1-2: Foul Ball, location: 2F 1-2: Foul Ball, location: 2F 1-2: Strikes out looking
|
Batting: RHB Colin Cranford
|
0-0: Called Strike 0-1: Ball 1-1: Ball 2-1: Ball 3-1: Ground out 4-3 (Groundball, 4, EV 86.3 MPH)
|
Bottom of the 7th over - 0 runs, 0 hits, 0 errors, 1 left on base; Burlington 15 - Quad Cities 1 |
TOP OF THE 8TH |
Burlington Bees batting - Pitching for Quad Cities River Bandits : RHP Matt Parker
|
Batting: RHB Jonathan Ellis
|
0-0: Ball 1-0: Ball 2-0: Called Strike 2-1: Ball 3-1: Foul Ball, location: 2F 3-2: Foul Ball, location: 2F 3-2: Base on Balls
|
Pitching: RHP Alex Salinas
|
|
Batting: RHB Adam Noyes
|
0-0: Foul Ball, location: 2F 0-1: Ball 1-1: Called Strike 1-2: Ball 2-2: SINGLE (Groundball, 56, EV 108.1 MPH) (infield hit) Jonathan Ellis to second
|
Batting: LHB Rusty Ney
|
0-0: Ball 1-0: Called Strike 1-1: Ball 2-1: Ball 3-1: Base on Balls Jonathan Ellis to third Adam Noyes to second
|
Batting: RHB Luis Romero
|
0-0: Ball 1-0: Called Strike 1-1: Ball 2-1: Swinging Strike 2-2: Foul Ball, location: 2F 2-2: Fly out, F4 (Popup, 4, EV 63.1 MPH)
|
Batting: LHB Bill Kirtley
|
0-0: Ball 1-0: Called Strike 1-1: Swinging Strike 1-2: Strikes out swinging
|
Batting: RHB Ryuji Ito
|
0-0: Ball 1-0: Swinging Strike 1-1: Foul Ball, location: 2F 1-2: Ball 2-2: Foul Ball, location: 2F 2-2: Ball 3-2: SINGLE (Groundball, 56D, EV 101.9 MPH) Jonathan Ellis scores Adam Noyes to third Rusty Ney to second Adam Noyes scores Rusty Ney to third
|
Batting: RHB Andy White
|
0-0: Ball 1-0: Foul Ball, location: 2F 1-1: Foul Ball, location: 2F 1-2: Strikes out swinging
|
Top of the 8th over - 2 runs, 2 hits, 0 errors, 2 left on base; Burlington 17 - Quad Cities 1 |
BOTTOM OF THE 8TH |
Quad Cities River Bandits batting - Pitching for Burlington Bees : LHP Jordan Galdamez
|
Batting: RHB Steve Moore
|
0-0: Ball 1-0: Ball 2-0: Ball 3-0: Called Strike 3-1: Foul Ball, location: 2F 3-2: Fly out, F4 (Flyball, 34D, EV 90.6 MPH)
|
Batting: RHB Chris Miller
|
0-0: Ground out 4-3 (Groundball, 4, EV 86.3 MPH)
|
Batting: RHB Ben Hoffman
|
0-0: Fly out, F9 (Flyball, 89D, EV 95.0 MPH)
|
Bottom of the 8th over - 0 runs, 0 hits, 0 errors, 0 left on base; Burlington 17 - Quad Cities 1 |
TOP OF THE 9TH |
Burlington Bees batting - Pitching for Quad Cities River Bandits : RHP Alex Salinas
|
Batting: LHB Jorge Zermeno
|
0-0: SINGLE (Line Drive, 7LS, EV 92.5 MPH)
|
Batting: SHB Tim Connell
|
0-0: Ball 1-0: Ball 2-0: Ball 3-0: Called Strike 3-1: Base on Balls Jorge Zermeno to second
|
Pitching: LHP Jimmy Edlin
|
|
Batting: RHB Jonathan Ellis
|
0-0: Ball 1-0: Ball 2-0: Foul Ball, location: 2F 2-1: Ball 3-1: Grounds into double play, 5-4-3 (Groundball, 56, EV 101.9 MPH) Jorge Zermeno to third
|
Batting: RHB Adam Noyes
|
0-0: Fly out, F7 (Flyball, 7D, EV 104.4 MPH)
|
Top of the 9th over - 0 runs, 1 hit, 0 errors, 1 left on base; Burlington 17 - Quad Cities 1 |
BOTTOM OF THE 9TH |
Quad Cities River Bandits batting - Pitching for Burlington Bees : LHP Jordan Galdamez
|
Batting: LHB Kelvin Jones
|
0-0: Called Strike 0-1: Foul Ball, location: 2F 0-2: Ball 1-2: Strikes out swinging
|
Batting: LHB Daniel Lopez
|
0-0: Swinging Strike 0-1: Ground out 3-1 (Groundball, 34, EV 105.6 MPH)
|
Batting: RHB Joe Cook
|
0-0: Ball 1-0: Ball 2-0: Fly out, F8 (Flyball, 8LXD, EV 105.0 MPH)
|
Bottom of the 9th over - 0 runs, 0 hits, 0 errors, 0 left on base; Burlington 17 - Quad Cities 1 |
|